 Dungeon Sprint DCSS version 0.26-a0-660-gc07710193c (webtiles) character file.

Game seed: 3669347393647833801

94 sahdkjhfkaj the Destroyer (level 4, 0/40 HPs)
             Began as an Octopode Conjurer on Oct 7, 2020.
             Shot with an arrow by a centaur (7 damage)
             ... in the Dungeon (Sprint IX: "|||||||||||||||||||||||||||||").
             The game lasted 00:00:29 (431 turns).

sahdkjhfkaj the Destroyer (Octopode Conjurer)        Turns: 431, Time: 00:00:30

Health: 0/40       AC:  1    Str:  6    XL:     4   Next: 63%
Magic:  1/10       EV: 13    Int: 21    God:
Gold:   0          SH:  0    Dex: 10    Spells: 9/12 levels left

rFire    . . .     SeeInvis .   (no weapon)
rCold    . . .     Faith    .   (no shield)
rNeg     . . .     Spirit   .   (helmet restricted)
rPois    .         Reflect  .   (no amulet)
rElec    .         Harm     .   (no ring)
rCorr    .         Rampage  .   (no ring)
MR       .....     NoTele   +   (no ring)
Stlth    ..........             (no ring)
HPRegen  0.13/turn              (no ring)
MPRegen  0.12/turn              (no ring)
                                (no ring)
                                (no ring)

@: berserking, lethally poisoned (0 -> -4), very quick
A: almost no armour, stealthy swim, amphibious, 8 rings, constrict 8, camouflage
1, gelatinous body 1
a: no special abilities


You were in the Dungeon.
You visited 1 branch

Inventory:

Scrolls
 g - a scroll of blinking
Potions
 d - a potion of haste
 e - 2 potions of magic


   Skills:
 - Level 2.0 Dodging
 - Level 2.6 Stealth
 + Level 4.9 Spellcasting
 * Level 8.2 Conjurations


You had 9 spell levels left.
You knew the following spells:

 Your Spells              Type           Power        Failure   Level
a - Magic Dart            Conj           ####         1%          1
b - Searing Ray           Conj           #####.       1%          2

Your spell library contained the following spells:

 Spells                   Type           Power        Failure   Level
 Dazzling Flash           Conj/Hex       ###...       6%          3
 Fulminant Prism          Conj/Hex       ###.......   21%         4
 Iskenderun's Mystic Bla  Conj/Tloc      ###.....     21%         4


Dungeon Overview and Level Annotations

Branches:
Dungeon (1/1)

Altars:


Innate Abilities, Weirdness & Mutations

You cannot wear most types of armour.
You are very stealthy in the water. (Stealth+)
You are amphibious.
You can wear up to eight rings at the same time.
You can use your tentacles to constrict eight enemies at once.
Your skin changes colour to match your surroundings (Stealth+).
Your rubbery body absorbs attacks. (AC +1, EV +1)


Message History

You constrict the worker ant, but do no damage.
The worker ant bites you.
You tentacle-slap the worker ant.
The worker ant is almost dead.
You constrict the worker ant, but do no damage.
The worker ant bites you! The worker ant bites you.
You are poisoned.
The worker ant poisons you!
You tentacle-slap the worker ant but do no damage.
The worker ant is almost dead.
You constrict the worker ant.
You feel sick. The worker ant bites you.
* * * LOW HITPOINT WARNING * * *
Unknown command.
A red film seems to cover your vision as you go berserk!
You feel yourself moving faster!
You feel mighty!
You constrict the worker ant.
You kill the worker ant!
Your Conjurations skill increases to level 8!
You feel sick.
The centaur wields a +0 shortbow.
The centaur shoots an arrow.
The arrow hits you!
You die... ▓▓▓▓▓▓▓▓▓▓▓▓▓▓▓▓▓▓ +.†..†'....c'@..<▓ ▓▓▓▓▓▓▓▓▓▓▓▓▓▓▓▓▓▓

You could see a centaur.

Vanquished Creatures
  A jelly (D)
  A hound (D)
  A worker ant (D)
  2 dart slugs (D)
  A leopard gecko (D)
  A hobgoblin (D)
  A kobold (D)
  A rat (D)
9 creatures vanquished.

Notes
Turn   | Place    | Note
-------+----------+-------------------------------------------
     0 | D        | sahdkjhfkaj the Octopode Conjurer began the quest for the
                  | Orb.
     0 | D        | Reached XP level 1. HP: 11/11 MP: 3/3
   271 | D        | Reached skill level 5 in Conjurations
   271 | D        | Reached XP level 2. HP: 17/17 MP: 0/5
   275 | D        | Learned a level 2 spell: Searing Ray
   412 | D        | Noticed a centaur
   416 | D        | Reached skill level 6 in Conjurations
   416 | D        | Reached XP level 3. HP: 10/21 MP: 2/8
   416 | D        | Reached skill level 7 in Conjurations
   416 | D        | Reached XP level 4. HP: 13/27 MP: 2/10
   431 | D        | Reached skill level 8 in Conjurations
   431 | D        | Shot with an arrow by a centaur

Illustrated notes

Levels and vault maps discovered:
D:        linesprint [early_d, line_temple, items_1, d_10, items_2, lair_1,
          lair_end, items_3, orc_1, orc_end, items_4, d_15, swamp_1, shoals_1,
          snake_1, spider_1, d_20, vaults_1, items_5, swamp_end, shoals_end,
          snake_end, spider_end, vaults_end, d_27, items_6, zot_1, zot_end,
          crypt_end, forest_end, elf_end, slime_end, tomb_end, abyss_end,
          pan_hell_end]

Skill      XL: |  1  2  3  4 |
---------------+-------------+-----
Conjurations   | 5 6 7 8 |  8.2
Spellcasting   | 3 4 |  4.9
Dodging        | |  2.0
Stealth        | |  2.6

Action                   |  1- 3 |  4- 6 || total
-------------------------+-------+-------++-------
Melee: Unarmed           |    11 |     3 ||    14
       Constrict         |     3 |     1 ||     4
       Tentacles         |     1 |       ||     1
 Cast: Magic Dart        |     7 |       ||     7
       Searing Ray       |     1 |     1 ||     2
  Use: Potion            |       |     3 ||     3
Armor: Skin              |     1 |       ||     1
Dodge: Dodged            |     6 |     3 ||     9

Table legend: (Time is in decaauts)
 A = Elapsed time spent in this place.
 B = Non-inter-level travel time spent in this place.
 C = Inter-level travel time spent in this place.
 D = Time resting spent in this place.
 E = Time spent auto-exploring this place.
 F = Levels seen in this place.
 G = Mean time per level.
                   A        B        C        D        E       F      G
               +--------+--------+--------+--------+--------+-----+--------+
         Total |    431 |    431 |      0 |    132 |    250 |   1 |  431.0 |
       Dungeon |    431 |    431 |      0 |    132 |    250 |   1 |  431.0 |
               +--------+--------+--------+--------+--------+-----+--------+

Top non-repeatable levels by time:
       D: 431 daAuts
